 Dungeon Crawl Stone Soup version 0.20.1-1-g8b1a95d (webtiles) character file.

168 Energizer the Skirmisher (level 5, 0/42 HPs)
             Began as a Demonspawn Chaos Knight on July 24, 2017.
             Slain by Grinder (1 damage)
             ... while paralysed by Grinder
             ... on level 3 of the Dungeon.
             The game lasted 00:06:43 (2893 turns).

Energizer the Skirmisher (Demonspawn Chaos Knight)  Turns: 2893, Time: 00:06:44

Health: 0/42       AC:  5    Str: 14    XL:     5   Next: 23%
Magic:  5/5        EV:  2    Int: 13    God:    Xom [..*...]
Gold:   154        SH:  0    Dex: 12    Spells: 4/4 levels left

rFire    . . .     SeeInvis .   a - +1 falchion (flame)
rCold    . . .     Gourm    .   l - +0 buckler
rNeg     . . .     Faith    .   h - +2 leather armour
rPois    .         Spirit   .   (no helmet)
rElec    .         Reflect  .   (no cloak)
rCorr    .         Harm     .   (no gloves)
MR       .....                  (no boots)
Stlth    +.........             (no amulet)
Regen    0.2/turn               (no ring)
MPRegen  0.1/turn               (no ring)

@: paralysed
A: large bone plates 1, demonic guardian 1, powered by death 1
a: Renounce Religion


You were on level 3 of the Dungeon.
You worshipped Xom.
You were a toy of Xom.
You were not hungry.

You visited 1 branch of the dungeon, and saw 4 of its levels.

You collected 154 gold pieces.

Inventory:

Hand Weapons
 a - a +1 falchion of flaming (weapon)
 b - a +0 hunting sling
Missiles
 n - 153 stones (quivered)
 s - 59 arrows
 t - a throwing net
 y - 8 poisoned needles
Armour
 h - a +2 leather armour (worn)
 l - a +0 buckler (worn)
Jewellery
 j - a cursed -2 ring of strength {unknown}
 C - an uncursed amulet of rage {unknown}
Wands
 f - a wand of acid (8/15)
Scrolls
 e - 5 scrolls of remove curse {unknown}
 g - 2 scrolls of magic mapping {unknown}
 k - 5 scrolls of identify {unknown}
 m - a scroll of teleportation {unknown}
 q - a scroll of enchant armour {unknown}
 r - a scroll of noise {unknown}
 w - a scroll of recharging {unknown}
 D - a scroll of fog {unknown}
Potions
 d - 2 potions of lignification {unknown}
 o - a potion of heal wounds {unknown}
 p - a potion of magic {unknown}
 u - a potion of cancellation {unknown}
 v - a potion of flight {unknown}
 x - a potion of agility {unknown}
 z - 2 potions of haste {unknown}
 E - a potion of mutation {unknown}
Comestibles
 c - 4 bread rations
 i - 2 royal jellies
 A - a fruit
 B - a chunk of flesh


   Skills:
 + Level 3.8 Fighting
 * Level 3.7 Long Blades
 + Level 2.6 Armour
 + Level 2.0 Dodging
 + Level 1.0 Shields


You had 4 spell levels left.
You didn't know any spells.

Dungeon Overview and Level Annotations

Branches:
Dungeon (4/15)
 Temple: D:4-7

Altars:
Qazlal
Sif Muna

Annotations:
D:3 Grinder


Innate Abilities, Weirdness & Mutations

You are partially covered in large bone plates. (SH +4)
A weak demonic guardian rushes to your aid.
You regenerate a little health from kills.


Message History

You writhe in agony.
You are too injured to fight recklessly!
You are too injured to fight recklessly!
You closely miss Grinder.
Grinder is heavily wounded.
Grinder gestures at you. Pain shoots through your body!
You completely miss Grinder.
Grinder is heavily wounded.
Grinder hits you!
* * * LOW HITPOINT WARNING * * *
You barely miss Grinder.
Grinder is heavily wounded.
Grinder gestures at you.
You suddenly lose the ability to move!
Grinder hits you!
* * * LOW HITPOINT WARNING * * *
You writhe in agony.
You die...
Xom cackles wildly!

####.............###### #.......
####..................####.......
......................#...)......
.........##...........#.......###
.........##..............)....#
.........##.......#.#...).....#
....................+.........#
................5..##.........#
...............5@.............#
...................##.........#
...........).......####.......#
...................# #.......#
...................# #########
l..................#
...................##
....................#
..[.................#


You could see Grinder and a friendly shadow imp.

Vanquished Creatures
  An adder (D:2)
  3 gnolls
  An ooze (D:1)
  A worm (D:2)
  4 dart slugs
  2 leopard geckos
  8 orcs (D:3)
  3 giant cockroaches
  9 goblins
  14 hobgoblins
  A quokka (D:3)
  2 ball pythons (D:1)
  9 bats
  3 frilled lizards
  9 kobolds
  8 rats
78 creatures vanquished.

Vanquished Creatures (collateral kills)
  An orc priest (D:3)
  A gnoll (D:3)
  A rat (D:3)
3 creatures vanquished.

Vanquished Creatures (others)
  A quokka (D:3)
1 creature vanquished.

Grand Total: 82 creatures vanquished

Notes
Turn   | Place    | Note
-------+----------+-------------------------------------------
     0 | D:1      | Energizer the Demonspawn Chaos Knight began the quest for the Orb.
     0 | D:1      | Reached XP level 1. HP: 18/18 MP: 1/1
    19 | D:1      | Reached skill level 1 in Dodging
   122 | D:1      | Gained mutation: You regenerate a little health from kills. [demonic ancestry]
   122 | D:1      | Reached XP level 2. HP: 24/24 MP: 2/2
   151 | D:1      | XOM: potion effect (curing)
   181 | D:1      | Gained mutation: A weak demonic guardian rushes to your aid. [demonic ancestry]
   181 | D:1      | Reached XP level 3. HP: 28/29 MP: 3/3
   458 | D:1      | XOM: cloud trail
   513 | D:1      | XOM: harmless Tloc miscast
   669 | D:2      | Found a stormy altar of Qazlal.
   710 | D:2      | XOM: harmless Necr miscast
   887 | D:2      | XOM: mild Conj miscast
   887 | D:2      | XOM: smoke on damage
  1087 | D:2      | Reached XP level 4. HP: 33/35 MP: 4/4
  1301 | D:2      | XOM: harmless Summ miscast
  1661 | D:3      | XOM: potion effect (might)
  2209 | D:3      | XOM: mild Hex miscast
  2388 | D:3      | Gained mutation: You are partially covered in large bone plates. (SH +4) [demonic ancestry]
  2388 | D:3      | Reached XP level 5. HP: 42/42 MP: 5/5
  2395 | D:3      | Reached skill level 1 in Shields
  2531 | D:3      | Found a deep blue altar of Sif Muna.
  2880 | D:4      | Noticed Grinder
  2889 | D:3      | XOM: divination: detect creatures
  2892 | D:3      | Paralysed by Grinder for 5 turns
  2893 | D:3      | HP: 1/42 [Grinder (8)]
  2893 | D:3      | Slain by Grinder

Skill      XL: |  1  2  3  4  5 |
---------------+----------------+-----
Dodging        | 1 2 |  2.0
Armour         | 2 |  2.6
Long Blades    | 3 |  3.7
Shields        | 1 |  1.0
Fighting       | |  3.8

Action                   |  1- 3 |  4- 6 || total
-------------------------+-------+-------++-------
Melee: Falchion          |   107 |   127 ||   234
 Fire: Hunting sling     |       |     3 ||     3
Throw: Stone             |       |     2 ||     2
 Stab: Sleeping          |     1 |       ||     1
  Eat: Chunk             |     1 |     6 ||     7
Armor: Leather armour    |    52 |    52 ||   104
Dodge: Dodged            |    76 |    71 ||   147
Block: Buckler           |    11 |    34 ||    45
       Rpst.: Falchion   |    22 |    17 ||    39
